 Dungeon Crawl Stone Soup version 0.24-a0-640-ge7cd8ce796 (webtiles) character file.

Game seed: 4994218362355776459, levelgen mode: deterministic

319312 Engwar the Wrestler (level 20, 0/191 HPs)
             Began as a Troll Hunter on Sept 25, 2019.
             Was the Champion of Okawaru.
             Killed from afar by a shadow dragon (8 damage)
             ... with a bolt of negative energy
             ... on level 5 of the Vaults.
             The game lasted 02:50:46 (38459 turns).

Engwar the Wrestler (Troll Hunter)                 Turns: 38459, Time: 02:50:47

Health: 0/191      AC: 25    Str: 34    XL:     20   Next: 60%
Magic:  24/25      EV:  5    Int: 10    God:    Okawaru [******]
Gold:   2125       SH: 24    Dex:  7    Spells: 15/19 levels left

rFire    + . .     SeeInvis +     - Unarmed
rCold    + . .     Gourm    +   N - +2 large shield {reflect}
rNeg     + + .     Faith    .   T - +0 gold dragon scales
rPois    +         Spirit   .   Y - +0 hat of Voponkuc {rN++ MR+ Dex-3}
rElec    .         Reflect  +   i - scarf {repulsion}
rCorr    .         Harm     .   (gloves unavailable)
MR       ++...                  (boots unavailable)
Stlth    ..........             O - amulet of rage
HPRegen  0.81/turn              D - ring of the Postmodern Ghosts {Str+6 SInv}
MPRegen  0.19/turn              z - +5 ring of protection

@: lightly drained, repel missiles
A: large, unfitting armour, claws 3, fast metabolism 3, gourmand, regeneration
1, shaggy fur 1, tough skin 3
}: 2/15 runes: decaying, gossamer
a: Heroism, Finesse, Renounce Religion, Evoke Berserk Rage


You were on level 5 of the Vaults.
You worshipped Okawaru.
Okawaru was exalted by your worship.
You were very full.

You visited 6 branches of the dungeon, and saw 36 of its levels.
You visited the Abyss 2 times.
You also visited: Ice Cave.

You collected 2871 gold pieces.
You spent 746 gold pieces at shops.

Inventory:

Missiles
 j - 16 silver javelins
 G - 10 javelins
 L - 43 large rocks (quivered)
Armour
 i - a scarf of repulsion (worn)
 K - a +2 cloak of cold resistance
 M - +2 steam dragon scales
 N - a +2 large shield of reflection (worn)
 T - +0 gold dragon scales (worn)
 X - the +1 shield of Moss {rF+ Regen+}
   (Okawaru gifted it to you on level 4 of the Abyss)

   It protects you from fire.
   It increases your rate of regeneration.
 Y - the +0 hat of Voponkuc (worn) {rN++ MR+ Dex-3}
   (Okawaru gifted it to you on level 2 of the Vaults)

   It affects your dexterity (-3).
   It greatly protects you from negative energy.
   It affects your resistance to hostile enchantments.
 Z - +4 storm dragon scales {Bai Suzhen}
Jewellery
 d - a +2 amulet of reflection
 k - an uncursed ring of poison resistance
 q - an uncursed ring of resist corrosion
 z - a +5 ring of protection (right claw)
 D - the ring of the Postmodern Ghosts (left claw) {Str+6 SInv}
   (You bought it in a shop on level 8 of the Dungeon)

   [ring of see invisible]

   It affects your strength (+6).
   It lets you see invisible.
 O - an amulet of rage (around neck)
Wands
 e - a wand of paralysis (13)
 r - a wand of acid (19)
 t - a wand of disintegration (10)
 y - a wand of scattershot (21)
 F - a wand of iceblast (19)
 R - a wand of clouds (12)
 V - a wand of polymorph (13)
Scrolls
 g - 5 scrolls of teleportation
 m - 6 scrolls of fear
 p - 7 scrolls of enchant weapon
 s - 9 scrolls of remove curse
 v - 2 scrolls of identify
 x - a scroll of amnesia
 C - 4 scrolls of magic mapping
 E - 2 scrolls of fog
 P - a scroll of holy word
 Q - a scroll of silence
Potions
 b - a potion of invisibility
 c - a potion of cancellation
 h - a potion of ambrosia
 l - 3 potions of brilliance
 n - 3 potions of curing
 o - 4 potions of haste
 u - 5 potions of agility
 w - 7 potions of flight
 A - 5 potions of might
 B - 2 potions of resistance
 H - a potion of magic
 I - 5 potions of mutation
 S - 2 potions of berserk rage
Miscellaneous
 a - a fan of gales
Comestibles
 f - 55 rations
 J - 3 chunks of flesh


   Skills:
 - Level 10.0(9.8) Fighting
 - Level 3.6(3.4) Throwing
 + Level 9.0(8.8) Armour
 - Level 5.0(4.8) Dodging
 - Level 0.3(0.2) Stealth
 - Level 15.0(14.7) Shields
 + Level 24.9(24.6) Unarmed Combat
 - Level 1.7(1.6) Translocations
 - Level 8.0(7.8) Invocations
 - Level 4.0(3.8) Evocations


You had 15 spell levels left.
You knew the following spells:

 Your Spells              Type           Power        Failure   Level  Hunger
a - Blink                 Tloc           N/A          99%         2    ###....
b - Magic Dart            Conj           #...         100%        1    ##.....
c - Confusing Touch       Hex            #.....       100%        1    ##.....

Your spell library contained the following spells:

 Spells                   Type           Power        Failure   Level  Hunger
 Apportation              Tloc           #.....       99%         1    ##.....
 Animate Skeleton         Necr           N/A          100%        1    ##.....
 Beastly Appendage        Tmut           #.....       100%        1    ##.....
 Corona                   Hex            #......      100%        1    ##.....
 Sandblast                Erth           #.....       100%        1    ##.....
 Summon Small Mammal      Summ           #...         100%        1    ##.....
 Call Imp                 Summ           #.......     100%        2    ###....
 Passwall                 Tmut/Erth      #.......     100%        2    ###....
 Searing Ray              Conj           #.....       100%        2    ###....
 Slow                     Hex            #.......     100%        2    ###....
 Sticks to Snakes         Tmut           #.......     100%        2    ###....
 Call Canine Familiar     Summ           #.......     100%        3    ####...
 Confuse                  Hex            #.......     100%        3    ####...
 Conjure Flame            Conj/Fire      #.......     100%        3    ####...
 Dazzling Spray           Conj/Hex       #.....       100%        3    ####...
 Gell's Gravitas          Tloc           #.........   100%        3    ####...
 Inner Flame              Hex/Fire       #.......     100%        3    ####...
 Mephitic Cloud           Conj/Pois/Air  #.......     100%        3    ####...
 Portal Projectile        Hex/Tloc       #.....       100%        3    ####...
 Spider Form              Tmut/Pois      #.........   100%        3    ####...
 Stone Arrow              Conj/Erth      #.....       100%        3    ####...
 Summon Guardian Golem    Hex/Summ       #.......     100%        3    ####...
 Cause Fear               Hex            #.........   100%        4    #####..
 Force Lance              Conj/Tloc      #.......     100%        4    #####..
 Fulminant Prism          Conj/Hex       #.........   100%        4    #####..
 Ice Form                 Ice/Tmut       #.......     100%        4    #####..
 Iskenderun's Mystic Bla  Conj           #.......     100%        4    #####..
 Leda's Liquefaction      Hex/Erth       #.........   100%        4    #####..
 Petrify                  Tmut/Erth      #.......     100%        4    #####..
 Summon Ice Beast         Ice/Summ       #.......     100%        4    #####..
 Summon Lightning Spire   Summ/Air       #.......     100%        4    #####..
 Blade Hands              Tmut           #.........   100%        5    ######.
 Bolt of Magma            Conj/Fire/Erth #.........   100%        5    ######.
 Iskenderun's Battlesphe  Conj/Chrm      #.......     100%        5    ######.
 Lee's Rapid Deconstruct  Erth           #.........   100%        5    ######.
 Metabolic Englaciation   Hex/Ice        #.........   100%        5    ######.
 Venom Bolt               Conj/Pois      #.........   100%        5    ######.
 Yara's Violent Unravell  Hex/Tmut       #.........   100%        5    ######.
 Iron Shot                Conj/Erth      #.........   100%        6    #######
 Orb of Destruction       Conj           #.........   100%        7    #######
 Spellforged Servitor     Conj/Summ      #.........   100%        7    #######


Dungeon Overview and Level Annotations

Branches:
Dungeon (15/15)            Temple (0/1) D:4            Lair (6/6) D:9
  Swamp (4/4) Lair:3       Spider (4/4) Lair:4        Slime (0/5) Lair:6
    Orc (2/2) D:9             Elf (0/3) Orc:2        Vaults (5/5) D:14
  Crypt (0/3) Vaults:3     Depths (0/5) D:15          IceCv (visited)

Altars:
Kikubaaqudgha
Makhleb
Okawaru
Yredelemnul
Beogh
Jiyva

Shops:
D:4 }   D:8 =   D:15 }   Orc:2 ([   Vaults:1 %   Vaults:3 *   Vaults:4 [

Annotations:
D:9 2 transporters, Grimm's ghost, novice OgTm
D:14 2 transporters
Lair:3 exclusion: 4 oklob plants
Lair:5 exclusion: oklob plant
Vaults:2 8 runed translucent doors, Kuqudo's ghost, adept DDFi


Innate Abilities, Weirdness & Mutations

You are too large for most types of armour.
You have claws for hands.
Your metabolism is lightning-fast.
You like to eat raw meat.
Your natural rate of healing is unusually fast.
You are covered in fur. (AC +1)
You have extremely tough skin. (AC +3)


Message History

You block the stone giant's attack. You block the vault warden's attack.
You block the storm dragon's attack.
The storm dragon claws you but does no damage.
You block the storm dragon's attack.
Unknown command.
Unknown command.
Unknown command.
You feel like a meek peon again.
The stone giant throws a large rock.
You reflect the large rock off your +2 large shield of reflection!
The large rock hits the stone giant!!
Found a scroll of teleportation.
A deep troll comes into view.
The deep troll shouts!
You hear a shout!
Your claws slow down.
An ironheart preserver comes into view. It is wielding a +0 morningstar.
A shadow dragon comes into view.
The shadow dragon breathes negative energy at you.
The bolt of negative energy hits you! You partially resist.
You feel drained.
You die...

. .. .. .. )#
.##..##..##.. #(#..#
#.. #..##.p# ..# ..#
#..##..##..##..##..#
. #..##..##..# ?#D.#
.##.p##.p##pD##?#..#
#p.##C.##..##T.# ..#
#D.##D(##p(##.C##..#
(##..##p.##p.##.@..#
(##..##C.##..##....#
###############....#
.....# ......#
.......# ........#
#####....#


You could see a shadow dragon, a storm dragon, a stone giant, a vault warden and
a deep troll.

Vanquished Creatures
  Mara (Vaults:2)
  Bai Suzhen (Vaults:2)
  Rupert (D:12)
  A quicksilver dragon (Vaults:5)
  A tentacled starspawn (Abyss:2)
  A tengu reaver (Vaults:1)
  Roxanne (D:15)
  2 thorn hunters
  2 storm dragons
  2 frost giants
  7 vault wardens
  The ghost of nubinia the Thaumaturge, a journeyman GnFE of Nemelex Xobeh (Swamp:1)
  A balrug (Abyss:3)
  2 ghost moths (Spider:4)
  An orc warlord (Orc:2)
  An emperor scorpion (Spider:4)
  2 ghouls
  A reaper (Abyss:4)
  10 ironheart preservers
  2 very ugly things
  3 stone giants
  4 entropy weavers
  2 deep elf demonologists
  A purple draconian (Abyss:2)
  Azrael (Spider:2)
  A spark wasp (Spider:4)
  An eidolon (Vaults:3)
  A dire elephant (Lair:6)
  A deep elf death mage (Vaults:3)
  Josephine (Orc:1)
  2 great orbs of eyes
  9 yaktaur captains
  A deep elf high priest (Vaults:5)
  24 vault guards
  A naga warrior (Abyss:2)
  A rakshasa (Vaults:2)
  27 hydras
  2 ice dragons
  A catoblepas (Lair:6)
  Erica (D:9)
  5 shambling mangroves
  3 death knights
  63 two-headed ogres
  2 dancing weapons (D:14)
  5 centaur warriors
  An alligator (Swamp:2)
  A tengu warrior (D:15)
  A deep troll shaman (Lair:6)
  A hell hog (Abyss:3)
  15 ogre magi
  Urug (Lair:6)
  8 death yaks
  3 deep elf knights (Vaults:1)
  5 hell knights
  4 skeletal warriors
  4 wretched stars
  A spatial maelstrom (Abyss:3)
  8 swamp dragons
  2 unseen horrors
  An unseen horror (shapeshifter) (Vaults:3)
  5 wizards
  5 deep trolls
  A flayed ghost (Vaults:4)
  6 ironbrand convokers
  6 phantasmal warriors
  A necromancer (Vaults:2)
  3 harpies (Vaults:2)
  11 orc knights
  5 deep elf magi
  20 wolf spiders
  16 orb spiders
  2 orc sorcerers (Orc:2)
  5 cyclopes
  16 ugly things
  A moth of wrath (shapeshifter) (Vaults:4)
  A faun (shapeshifter) (Vaults:5)
  2 worldbinders (Abyss:3)
  2 large abominations (Abyss:3)
  A moth of wrath (Spider:4)
  14 elephants
  2 centaur zombies
  8 vault sentinels
  A guardian serpent (Abyss:2)
  5 black mambas
  An apocalypse crab (Abyss:2)
  An ice statue (IceCv)
  An orange demon (Abyss:2)
  A spiny frog (shapeshifter) (Vaults:4)
  An eye of devastation (Abyss:3)
  4 gargoyles
  A hellion (Abyss:2)
  11 spiny frogs
  2 rime drakes
  2 efreet
  4 kobold demonologists
  2 hellwings
  A yaktaur (shapeshifter) (D:15)
  4 ancient zymes
  27 yaktaurs
  A red devil (Abyss:3)
  4 freezing wraiths
  6 komodo dragons
  10 demonic crawlers
  A meliai (D:13)
  A tengu conjurer (D:15)
  A queen bee (Lair:3)
  8 tyrant leeches
  31 jumping spiders
  17 polar bears
  A queen bee (shapeshifter) (Vaults:2)
  15 hornets
  14 trolls
  20 blink frogs
  8 bog bodies
  10 hippogriffs
  10 raiju (Abyss:2)
  A hornet (shapeshifter) (D:15)
  6 dream sheep (Lair:6)
  A dream sheep (shapeshifter) (D:13)
  24 slime creatures
  2 meliai zombies
  A blink frog (shapeshifter) (D:15)
  5 flying skulls (Abyss:3)
  66 redbacks
  3 ynoxinuls
  49 yaks
  3 shadows
  29 tarantellas
  2 spriggans
  2 wyverns (Lair:3)
  3 fire elementals
  3 hogs (D:15)
  4 hungry ghosts
  2 vampires
  3 fire bats (Lair:5)
  17 vampire mosquitoes
  6 wraiths
  A basilisk (Lair:2)
  A yak (shapeshifter) (Vaults:3)
  2 spatial vortices (Abyss:3)
  2 steam dragons (Lair:3)
  8 wargs
  2 acid dragons
  9 swamp worms
  7 insubstantial wisps
  19 water moccasins
  A soldier ant (D:13)
  2 porcupines
  3 hell hounds (Spider:2)
  A floating eye (shapeshifter) (D:15)
  13 swamp drakes
  3 black bears
  11 ice beasts
  49 orc warriors
  3 eyes of draining
  4 phantoms
  6 sky beasts
  8 boggarts
  42 ogres
  33 wolves
  5 centaurs
  2 big kobolds
  22 crocodiles
  16 bullfrogs
  A wyvern skeleton (D:11)
  3 small abominations
  A water moccasin zombie (D:10)
  6 scorpions
  36 killer bees
  An orc simulacrum (Vaults:1)
  6 wights
  4 electric eels
  6 crimson imps
  4 howler monkeys
  A lava snake (Lair:5)
  9 hounds
  2 quasits
  3 jellies
  36 orc priests
  31 orc wizards
  3 bullfrog skeletons
  4 centaur skeletons
  10 iguanas
  Jessica (D:3)
  Natasha (twice) (D:3)
  11 worker ants
  Robin (D:3)
  2 worker ant zombies
  4 adders
  8 gnolls
  8 shadow imps
  A white imp (Abyss:3)
  2 worms
  4 dart slugs
  7 leopard geckos
  129 orcs
  4 bats
  8 giant cockroaches
  23 goblins
  13 hobgoblins
  9 jackals
  4 quokkas
  A ball python (D:8)
  A ball python skeleton (D:4)
  3 frilled lizards
  24 kobolds
  5 rats
  A fungus (Lair:6)
  A lurking horror (Abyss:3)
  2 plants (Lair:6)
1573 creatures vanquished.

Vanquished Creatures (others)
  Kirke (D:15)
  2 yaktaur captains
  A centaur warrior (D:12)
  An ogre mage (Vaults:1)
  A deep elf archer (Vaults:1)
  2 wolf spiders (Spider:4)
  3 cyclopes
  5 yaktaurs
  3 hornets
  An air elemental (Abyss:3)
  A swamp worm (Swamp:2)
  An orc warrior (Vaults:1)
  An ogre (Vaults:5)
  A centaur (D:13)
  A small abomination (Abyss:3)
  An orc (Orc:1)
  2 kobolds (D:12)
  3 briar patches (Swamp:3)
  A butterfly (Lair:2)
  15 fungi
  A lurking horror (Abyss:3)
  6 plants (Lair:6)
  13 starspawn tentacles
67 creatures vanquished.

Grand Total: 1640 creatures vanquished

Notes
Turn   | Place    | Note
-------+----------+-------------------------------------------
     0 | D:1      | Engwar the Troll Hunter began the quest for the Orb.
     0 | D:1      | Reached XP level 1. HP: 19/19 MP: 0/0
    48 | D:1      | Reached skill level 1 in Unarmed Combat
   175 | D:1      | Reached XP level 2. HP: 27/27 MP: 1/1
   235 | D:1      | Reached skill level 2 in Unarmed Combat
   768 | D:2      | Reached XP level 3. HP: 30/33 MP: 2/2
   918 | D:2      | Reached skill level 3 in Unarmed Combat
  1478 | D:3      | Noticed Robin
  1481 | D:3      | Reached XP level 4. HP: 40/41 MP: 3/3
  1527 | D:3      | Killed Robin
  1527 | D:3      | Reached skill level 4 in Unarmed Combat
  1728 | D:3      | Noticed Jessica
  1734 | D:3      | Killed Jessica
  1749 | D:3      | Found an iron altar of Okawaru.
  1756 | D:3      | Reached XP level 5. HP: 46/48 MP: 4/4
  1785 | D:3      | Became a worshipper of Warmaster Okawaru
  1789 | D:3      | Learned a level 2 spell: Blink
  1791 | D:3      | Learned a level 1 spell: Magic Dart
  2030 | D:3      | Noticed Natasha
  2048 | D:3      | Killed Natasha
  2073 | D:3      | Reached skill level 5 in Unarmed Combat
  2248 | D:3      | Noticed Natasha
  2257 | D:3      | Killed Natasha
  2257 | D:3      | Reached skill level 1 in Shields
  2508 | D:4      | Found a staircase to the Ecumenical Temple.
  2532 | D:4      | Found Paod's Gadget Shoppe.
  2706 | D:4      | Reached XP level 6. HP: 50/55 MP: 5/5
  3236 | D:5      | Entered Level 5 of the Dungeon
  3353 | D:5      | Reached skill level 6 in Unarmed Combat
  3438 | D:5      | Reached * piety under Okawaru
  3530 | D:5      | Reached XP level 7. HP: 62/62 MP: 6/6
  3794 | D:5      | You fall into a shaft and drop 1 floor!
  4528 | D:7      | Noticed a two-headed ogre
  4795 | D:7      | Found an ancient bone altar of Kikubaaqudgha.
  4795 | D:7      | Noticed a human
  4910 | D:7      | Reached skill level 7 in Unarmed Combat
  5040 | D:7      | Reached ** piety under Okawaru
  5040 | D:7      | Reached XP level 8. HP: 68/70 MP: 7/7
  5292 | D:8      | Reached skill level 5 in Shields
  5292 | D:8      | Reached skill level 8 in Unarmed Combat
  5604 | D:8      | Noticed a two-headed ogre
  5619 | D:8      | Killed a two-headed ogre
  5619 | D:8      | Reached *** piety under Okawaru
  5619 | D:8      | Reached skill level 9 in Unarmed Combat
  5619 | D:8      | Reached XP level 9. HP: 12/76 MP: 0/8
  6098 | D:8      | Found Ludas's Jewellery Shop.
  6134 | D:8      | Reached skill level 10 in Unarmed Combat
  6348 | D:8      | Found a roughly hewn altar of Beogh.
  6396 | D:9      | Noticed a death yak
  6396 | D:9      | Noticed a troll
  6397 | D:9      | Found a staircase to the Lair.
  6410 | D:9      | Noticed a death yak
  6410 | D:9      | Noticed a death yak
  6852 | D:8      | Killed a death yak
  6852 | D:8      | Reached **** piety under Okawaru
  6852 | D:8      | Reached XP level 10. HP: 21/85 MP: 2/9
  6939 | D:9      | Found a staircase to the Orcish Mines.
  7088 | D:9      | Found a flagged portal.
  7137 | D:9      | Found a transporter.
  7143 | D:9      | Noticed Grimm's ghost (novice OgTm)
  7221 | D:9      | Found a transporter.
  7310 | D:9      | Noticed Erica
  7333 | D:9      | HP: 4/85 [something/orb of energy (25)]
  7340 | D:9      | Paralysed by something for 2 turns
  7346 | D:9      | Killed Erica
  7346 | D:9      | Reached skill level 11 in Unarmed Combat
  7630 | D:8      | Killed a death yak
  7639 | D:8      | Bought the ring of the Postmodern Ghosts {Str+6 SInv} for
                  | 484 gold pieces
  7665 | D:9      | Killed a death yak
  7665 | D:9      | Reached ***** piety under Okawaru
  7724 | D:9      | Reached skill level 12 in Unarmed Combat
  7725 | D:9      | Noticed a two-headed ogre
  7732 | D:9      | Killed a two-headed ogre
  7732 | D:9      | Received a gift from Okawaru
  7847 | D:10     | Entered Level 10 of the Dungeon
  7914 | D:10     | Reached XP level 11. HP: 88/98 MP: 8/10
  8119 | D:10     | Noticed a two-headed ogre
  8147 | D:10     | Killed a two-headed ogre
  8147 | D:10     | Reached skill level 1 in Invocations
  8330 | D:11     | Noticed a red ugly thing
  8330 | D:11     | Noticed a wizard
  8330 | D:11     | Noticed a two-headed ogre
  8364 | D:11     | Killed a two-headed ogre
  8366 | D:11     | Killed a wizard
  8366 | D:11     | Received a gift from Okawaru
  8440 | D:11     | Killed a red ugly thing
  8457 | D:11     | Reached skill level 13 in Unarmed Combat
  8656 | D:11     | Noticed a centaur warrior
  8670 | D:11     | Killed a centaur warrior
  8670 | D:11     | Reached skill level 5 in Invocations
  8876 | D:11     | Noticed a two-headed ogre
  8902 | D:11     | Killed a two-headed ogre
  8928 | D:11     | Found a frozen archway.
  8933 | D:11     | Reached ****** piety under Okawaru
  8969 | IceCv    | Entered an ice cave
  8978 | IceCv    | Reached XP level 12. HP: 98/107 MP: 12/15
  9013 | IceCv    | Received a gift from Okawaru
  9063 | IceCv    | Reached skill level 14 in Unarmed Combat
  9257 | IceCv    | Noticed a frost giant
  9281 | IceCv    | Received a gift from Okawaru
  9308 | IceCv    | Killed a frost giant
 10133 | D:11     | Noticed a two-headed ogre
 10141 | D:11     | Killed a two-headed ogre
 10141 | D:11     | Reached skill level 5 in Fighting
 10181 | D:11     | Reached skill level 15 in Unarmed Combat
 10298 | D:11     | Noticed a two-headed ogre
 10303 | D:11     | Killed a two-headed ogre
 10362 | D:11     | Paralysed by a hornet for 2 turns
 10869 | D:12     | Noticed a two-headed ogre
 10875 | D:11     | Killed a two-headed ogre
 10917 | D:12     | Noticed an eight-headed hydra
 10964 | D:11     | Reached XP level 13. HP: 108/118 MP: 15/18
 11029 | Lair:1   | Entered Level 1 of the Lair of Beasts
 11034 | Lair:1   | Received a gift from Okawaru
 11253 | Lair:1   | Received a gift from Okawaru
 12497 | Lair:3   | Found a staircase to the Swamp.
 12539 | Lair:3   | Reached skill level 5 in Dodging
 12741 | Lair:3   | Reached skill level 1 in Evocations
 12957 | Lair:3   | Reached skill level 16 in Unarmed Combat
 13417 | Lair:3   | Learned a level 1 spell: Confusing Touch
 13631 | Lair:4   | Received a gift from Okawaru
 13932 | Lair:4   | Found a hole to the Spider Nest.
 15226 | Lair:6   | Entered Level 6 of the Lair of Beasts
 15307 | Lair:5   | Reached XP level 14. HP: 115/127 MP: 19/19
 15451 | Lair:6   | Reached skill level 17 in Unarmed Combat
 15770 | Lair:6   | Received a gift from Okawaru
 16253 | Lair:6   | Received a gift from Okawaru
 16538 | Lair:6   | Noticed Urug
 16666 | Lair:6   | Received a gift from Okawaru
 16974 | Lair:6   | Found a viscous altar of Jiyva.
 16974 | Lair:6   | Found a staircase to the Slime Pits.
 17321 | Lair:6   | Killed Urug
 17762 | D:12     | Reached skill level 18 in Unarmed Combat
 17812 | D:12     | Noticed Rupert
 17820 | D:12     | Paralysed by Rupert for 2 turns
 18034 | D:12     | Found a basalt altar of Yredelemnul.
 18075 | D:12     | Killed Rupert
 18229 | D:12     | Reached XP level 15. HP: 143/145 MP: 20/20
 19064 | D:13     | Cast into level 3 of the Abyss (a wizard)
 19064 | Abyss:3  | Found a corrupted altar of Lugonu.
 19089 | Abyss:3  | Found a corrupted altar of Lugonu.
 19123 | Abyss:3  | Found a bloodstained altar of Trog.
 19142 | Abyss:3  | Received a gift from Okawaru
 19351 | Abyss:3  | Noticed a bone dragon
 19724 | Abyss:3  | Reached skill level 10 in Fighting
 19769 | Abyss:3  | Noticed a bone dragon
 19821 | Abyss:4  | Noticed a profane servitor
 20057 | Abyss:4  | Found a corrupted altar of Lugonu.
 20073 | Abyss:4  | Reached skill level 1 in Armour
 20078 | Abyss:4  | Noticed a tentacled starspawn
 20080 | D:13     | Escaped the Abyss
 20422 | D:14     | Found a transporter.
 20487 | D:14     | Received a gift from Okawaru
 20708 | D:14     | Reached skill level 19 in Unarmed Combat
 20852 | D:14     | Found a gate to the Vaults.
 21204 | D:14     | Found a transporter.
 21319 | D:14     | Found a burning altar of Makhleb.
 21507 | D:15     | Entered Level 15 of the Dungeon
 21682 | Orc:1    | Entered Level 1 of the Orcish Mines
 21745 | Orc:2    | Entered Level 2 of the Orcish Mines
 21800 | Orc:2    | Found a roughly hewn altar of Beogh.
 21896 | Orc:2    | Received a gift from Okawaru
 21977 | Orc:2    | Found a roughly hewn altar of Beogh.
 22144 | Orc:1    | Noticed Josephine
 22159 | Orc:1    | Killed Josephine
 22365 | Orc:2    | Reached skill level 5 in Armour
 22458 | Orc:2    | Found a staircase to the Elven Halls.
 22583 | Orc:2    | Found a roughly hewn altar of Beogh.
 22649 | Orc:2    | Reached XP level 16. HP: 140/158 MP: 21/21
 22717 | Orc:2    | Reached skill level 1 in Translocations
 22751 | Orc:2    | Paralysed by an orc sorcerer for 6 turns
 22787 | Orc:2    | Found Pirrucs's Antique Armour Shoppe.
 22792 | Orc:2    | Found a roughly hewn altar of Beogh.
 22794 | Orc:2    | Found Gomuv's Antique Weapon Emporium.
 22813 | Orc:2    | Bought a glowing large shield for 262 gold pieces
 23378 | D:15     | Received a gift from Okawaru
 23401 | D:15     | Found Zitobrud's Gadget Boutique.
 23413 | D:15     | Noticed Roxanne
 23583 | D:15     | Noticed Kirke
 23607 | D:15     | Killed Kirke
 23830 | D:15     | Received a gift from Okawaru
 23888 | D:15     | Paralysed by a floating eye for 3 turns
 24200 | D:15     | Found a staircase to the Depths.
 24505 | D:15     | Killed Roxanne
 24708 | Swamp:1  | Entered Level 1 of the Swamp
 24873 | Swamp:1  | Reached skill level 20 in Unarmed Combat
 24900 | Swamp:1  | Reached skill level 10 in Shields
 25079 | Swamp:1  | Found a runed translucent door.
 25080 | Swamp:1  | Noticed nubinia's ghost (journeyman GnFE)
 25101 | Swamp:1  | Killed nubinia's ghost
 25212 | Swamp:1  | Noticed a thorn hunter
 25602 | Swamp:1  | Killed a thorn hunter
 25878 | Swamp:2  | Received a gift from Okawaru
 26131 | Swamp:3  | Noticed a thorn hunter
 26166 | Swamp:3  | Killed a thorn hunter
 26485 | Swamp:4  | Entered Level 4 of the Swamp
 26488 | Swamp:4  | Noticed a thorn hunter
 26941 | Swamp:4  | Reached XP level 17. HP: 154/166 MP: 22/22
 27391 | Swamp:4  | Got a decaying rune of Zot
 27768 | Spider:1 | Entered Level 1 of the Spider Nest
 28013 | Spider:3 | Noticed Azrael
 28214 | Spider:2 | Killed Azrael
 28363 | Spider:2 | Received a gift from Okawaru
 28381 | Spider:2 | Got a translucent large shield {god gift}
 28392 | Spider:2 | Identified the +8 large shield of the Game of Life {*Slow
                  | rPois rCorr} (Okawaru gifted it to you on level 2 of the
                  | Spider Nest)
 28465 | Spider:3 | Reached skill level 21 in Unarmed Combat
 28861 | Spider:4 | Entered Level 4 of the Spider Nest
 29973 | Spider:4 | Received a gift from Okawaru
 30037 | Spider:4 | Paralysed by a hornet for 2 turns
 30524 | Spider:4 | Received a gift from Okawaru
 30916 | Spider:4 | Got a gossamer rune of Zot
 31279 | Vaults:1 | Entered Level 1 of the Vaults
 31353 | Vaults:1 | Reached XP level 18. HP: 174/174 MP: 23/23
 31470 | Vaults:1 | Received a gift from Okawaru
 31508 | Vaults:1 | Reached skill level 22 in Unarmed Combat
 31896 | Vaults:1 | Received a gift from Okawaru
 31914 | Vaults:1 | Got a smoking robe {god gift}
 31925 | Vaults:1 | Identified the +2 robe "Suky Afu" {rElec Str+4 Slay-6
                  | Stlth+} (Okawaru gifted it to you on level 1 of the Vaults)
 32289 | Vaults:1 | Found Hadicieb's Food Shoppe.
 32638 | Vaults:2 | Noticed Mara
 32654 | Vaults:2 | Noticed Engwar's illusion
 32661 | Vaults:2 | Killed Mara
 32735 | Vaults:2 | Noticed Bai Suzhen
 32763 | Vaults:2 | Killed Bai Suzhen
 33090 | Vaults:2 | Received a gift from Okawaru
 33106 | Vaults:2 | Reached XP level 19. HP: 155/182 MP: 17/24
 33113 | Vaults:2 | Got a scorched hat {god gift}
 33119 | Vaults:2 | Identified the +0 hat of Voponkuc {rN++ MR+ Dex-3} (Okawaru
                  | gifted it to you on level 2 of the Vaults)
 33215 | Vaults:2 | Found a large runed translucent door.
 33215 | Vaults:2 | Found a large runed translucent door.
 33215 | Vaults:2 | Found a large runed translucent door.
 33215 | Vaults:2 | Found a large runed translucent door.
 33216 | Vaults:2 | Found a large runed translucent door.
 33216 | Vaults:2 | Found a large runed translucent door.
 33216 | Vaults:2 | Found a large runed translucent door.
 33216 | Vaults:2 | Found a large runed translucent door.
 33216 | Vaults:2 | Noticed Kuqudo's ghost (adept DDFi)
 33448 | Vaults:2 | Reached skill level 23 in Unarmed Combat
 33518 | Vaults:2 | Reached skill level 15 in Shields
 34400 | Vaults:3 | Found a staircase to the Crypt.
 34443 | Vaults:3 | Found Futaq's Assorted Antiques.
 35375 | Vaults:4 | Received a gift from Okawaru
 35500 | Vaults:3 | Reached skill level 24 in Unarmed Combat
 36489 | Vaults:4 | Reached XP level 20. HP: 149/191 MP: 25/25
 36654 | Vaults:4 | Found Lifepet's Antique Armour Emporium.
 36967 | Vaults:5 | Entered Level 5 of the Vaults
 37060 | Vaults:4 | Received a gift from Okawaru
 37259 | Vaults:4 | Cast into level 2 of the Abyss (a deep elf sorcerer)
 37705 | Abyss:2  | Found a corrupted altar of Lugonu.
 37917 | Abyss:4  | Received a gift from Okawaru
 37920 | Abyss:4  | Got a slimy shield {god gift}
 37931 | Vaults:4 | Escaped the Abyss
 38373 | Vaults:4 | Identified the +1 shield of Moss {rF+ Regen+} (Okawaru
                  | gifted it to you on level 4 of the Abyss)
 38424 | Vaults:5 | Identified the +5 bardiche of Discretion {drain, Int+2}
 38434 | Vaults:5 | HP: 4/191 [quicksilver dragon/bolt of dispelling energy
                  | (21)]
 38442 | Vaults:5 | HP: 9/191 [quicksilver dragon/bolt of dispelling energy
                  | (12)]
 38445 | Vaults:5 | Identified the cursed +3 scimitar "Dragon's Bane" {venom,
                  | +Fly rF+}
 38453 | Vaults:5 | HP: 3/191 [storm dragon/bolt of lightning (17)]
 38459 | Vaults:5 | Killed from afar by a shadow dragon

Levels and vault maps discovered:
D:1:      dpeg_arrival_lava_temple_mockup, layout_loops_ring
D:2:      layout_basic, first_ration, minmay_close_crescents
D:3:      layout_loops_cross, okawaru_ov_weapons_minmay, serial_bayou_crossing,
          uniq_robin, uniq_jessica, uniq_natasha
D:4:      layout_basic, minmay_temple_entry_offerings, serial_shops,
          nicolae_shop_statue_plus, kennysheep_minor_cross
D:5:      layout_loops_ring
D:6:      layout_cave_pods
D:7:      layout_rooms, grunt_ogre_cave, minmay_fountain_box, tgw_kikubaaqudgha
D:8:      layout_gridville, serial_shops, nicolae_shop_waterfront, special_room
          [special_room_orc]
D:9:      layout_roguey, dpeg_lair_monsters, david_orc_2, enter_bailey_3,
          gammafunk_ghost_stat_death, water_maze_lemuel, uniq_erica
D:10:     layout_gridville, nooodl_orcs_dogs
D:11:     minmay_the_grid_net [minmay_the_grid_embedded,
          minmay_the_grid_zigzags, minmay_the_grid_garden,
          minmay_the_grid_diamond_grid, minmay_the_grid_paths,
          minmay_the_grid_prize_big_room], layout_basic,
          portal_ice_cave_entry_ice_beasts
D:12:     layout_cave_pools, basic_altar, uniq_rupert
D:13:     layout_basic, kennysheep_kite_vault
D:14:     gammafunk_cloud_chamber, layout_loops_corners, erik_vaults_1,
          skrybe_limestone_x, drop_trap, makhleb_altar_promises_db
D:15:     gammafunk_enter_depths_forms, layout_basic,
          hangedman_decor_cross_pass, serial_shops, nicolae_shop_waterfront,
          uniq_roxanne, uniq_kirke
Lair:1:   layout_small_grid, grunt_forest_large_clearing_hut
Lair:2:   layout_chaotic_city, infiniplex_staircase_pool, lemuel_fruit_tree,
          grunt_megastairs_5, lemuel_fruit_fields, lemuel_fruit_fields,
          serial_bayou_shore_a
Lair:3:   hangedman_what_comes_after_a, layout_chaotic_city,
          minmay_swamp_entry_reptiles
Lair:4:   layout_loops_ring, spider_nest_entry_webs, patterned_corridor
Lair:5:   layout_gridlike, st_stairs_10
Lair:6:   grunt_lair_end_beastmaster, layout_layer_cave, slime_altar_1,
          wad_woods_river_01, grunt_megastairs_1, uniq_urug
Swamp:1:  layout_falls_marsh, gammafunk_ghost_grave,
          evilmike_swamp_ruin_house_2, swamp_pool2, grunt_lady_of_the_lake
Swamp:2:  layout_basic_swamp, evilmike_swamp_ruin_rubble_1
Swamp:3:  cheibrodos_swamp_heart_of_darkness, layout_basic_swamp,
          nicolae_swamp_stair_fork
Swamp:4:  swamp_basic_johnstein, layout_basic_swamp
Spider:1: layout_spider_delve, minivault_29
Spider:2: layout_spider_delve
Spider:3: layout_spider_delve, uniq_azrael
Spider:4: grunt_spider_rune_parallel
Orc:1:    layout_diamond_mine, uniq_josephine
Orc:2:    grunt_orc_community_town_hall, layout_diamond_mine,
          grunt_orc_community_big_house_2, grunt_orc_community_big_house_1,
          grunt_orc_community_house_1, grunt_orc_community_house_3,
          grunt_orc_community_house_3, grunt_orc_community_house_2,
          grunt_orc_community_house_2
Vaults:1: vaults_standard_mumra_x, nicolae_vaults_theta,
          nicolae_vaults_three_branches, vaults_room_ringed_pool,
          nicolae_vaults_asterisk, v_misc_18, ontoclasm_vaults_shuriken,
          ontoclasm_vaults_shout, hangedman_vaults_cutoff,
          hangedman_vaults_stitches, v_misc_14, hangedman_vaults_pinch,
          grunt_vaults_diagonal, v_alt_pattern_3,
          nicolae_vaults_ring_of_whatevers, layout_vaults_maze_snakey,
          serial_shops, shop
Vaults:2: advil_vaults_ghost_lines, nicolae_vaults_angled_halls,
          vaults_room_fancy_cross, vaults_room_grid,
          nicolae_vaults_little_squares_6, nicolae_vaults_border_crossing,
          vaults_mumra_minichess, nicolae_vaults_rhombus_5,
          layout_vaults_chaotic_city, uniq_mara, uniq_bai_suzhen
Vaults:3: nicolae_vaults_network_square, nicolae_vaults_angled_halls,
          ontoclasm_vaults_eye, v_misc_29, minmay_crypt_entry_simple_corners,
          hangedman_vaults_stretched_pinwheel, vaults_dpeg_encased_lava,
          layout_vaults_omnigrid, serial_shops, shop_statue
Vaults:4: nicolae_vaults_windows_and_doors_thing, hangedman_vaults_capsules,
          v_alt_pattern_1, v_misc_15, vaults_mumra_chevron, vaults_mumra_lcd,
          v_misc_17, nicolae_vaults_little_squares_1,
          ontoclasm_vaults_ring_small, grunt_vaults_funnel,
          hangedman_vaults_cutoff, layout_vaults_ring, serial_shops, shop
Vaults:5: serial_shops, uniq_frederick

Skill      XL: |  1  2  3  4  5  6  7  8  9 10 11 12 13 14 15 16 17 18 19 20 |
---------------+-------------------------------------------------------------+-----
Unarmed Combat | 1 2 3 4 5 6 7 9 10 12 13 15 16 18 19 20 21 22 24 | 24.9
Shields        | 1 2 4 6 8 9 11 13 14 15 | 15.0
Fighting       | 3 4 5 8 10 | 10.0
Invocations    | 6 8 |  8.0
Dodging        | 3 5 |  5.0
Evocations     | 4 |  4.0
Armour         | 5 6 9 |  9.0
Translocations | 1 |  1.7
Throwing       | |  3.6
Stealth        | |  0.3

Action                   |  1- 3 |  4- 6 |  7- 9 | 10-12 | 13-15 | 16-18 | 19-21 || total
-------------------------+-------+-------+-------+-------+-------+-------+-------++-------
Melee: Unarmed           |   147 |   153 |   357 |   652 |  1533 |  1550 |   862 ||  5254
Throw: Large rock        |       |       |     8 |    32 |    73 |    94 |       ||   207
       Javelin           |       |       |       |       |    15 |     8 |       ||    23
Invok: Heroism           |       |       |     4 |     7 |     7 |    16 |     6 ||    40
       Finesse           |       |       |       |     1 |     6 |     4 |     2 ||    13
 Abil: Evoke Berserk Rag |       |       |       |       |       |     3 |     2 ||     5
Evoke: Wand              |       |       |       |       |    12 |       |       ||    12
  Use: Scroll            |     5 |     9 |     6 |     6 |    19 |    13 |    11 ||    69
       Potion            |       |       |     5 |     5 |     3 |     8 |    12 ||    33
 Stab: Sleeping          |     2 |     3 |     2 |     1 |       |       |       ||     8
       Distracted        |       |       |       |     1 |       |       |       ||     1
       Petrified         |       |       |       |       |     6 |       |       ||     6
       Invisible         |       |       |       |       |     1 |       |       ||     1
       Confused          |       |       |       |       |       |     1 |       ||     1
  Eat: Chunk             |    16 |    22 |    36 |    37 |   101 |    64 |    49 ||   325
       Ration            |       |       |     1 |       |     2 |    10 |       ||    13
Armor: Robe              |    65 |    47 |    95 |   159 |    85 |       |       ||   451
       Steam dragon scal |       |       |       |       |   403 |    60 |       ||   463
       Swamp dragon scal |       |       |       |       |       |   611 |    16 ||   627
       Gold dragon scale |       |       |       |       |       |       |   175 ||   175
Dodge: Dodged            |    76 |    55 |    83 |   167 |   488 |   481 |   103 ||  1453
       Deflected         |       |       |       |       |    12 |    19 |     7 ||    38
Block: Shield            |       |    15 |   120 |   320 |   925 |    16 |       ||  1396
       Reflection        |       |       |       |       |    39 |    51 |    32 ||   122
       Large shield      |       |       |       |       |       |  1775 |   744 ||  2519

Table legend:
 A = Non-vault XP
 B = Vault XP
 C = Vault XP percentage of total XP
 D = Non-vault monster count
 E = Vault monster count
 F = Vault count percentage of total count
                 A         B        C        D         E       F
            +---------+---------+-------+---------+---------+-------
      Total |  305099 |  235682 |  43.6 |    1041 |     546 |  34.4
            +---------+---------+-------+---------+---------+-------
        D:1 |      36 |       0 |   0.0 |      18 |       0 |   0.0
        D:2 |      54 |       6 |  10.0 |      25 |       3 |  10.7
        D:3 |      91 |     106 |  53.8 |      22 |      13 |  37.1
        D:4 |     179 |       0 |   0.0 |       8 |       0 |   0.0
        D:5 |     328 |       0 |   0.0 |      18 |       0 |   0.0
        D:6 |     192 |       0 |   0.0 |       7 |       0 |   0.0
        D:7 |     608 |     116 |  16.0 |      18 |       1 |   5.3
        D:8 |    2555 |    1908 |  42.8 |      35 |      16 |  31.4
        D:9 |    1990 |    2499 |  55.7 |      19 |      17 |  47.2
       D:10 |    2970 |    1079 |  26.6 |      34 |      11 |  24.4
       D:11 |    6848 |    8639 |  55.8 |      62 |      30 |  32.6
       D:12 |    6703 |    2829 |  29.7 |      29 |       1 |   3.3
       D:13 |    7983 |    4447 |  35.8 |      35 |      16 |  31.4
       D:14 |   13822 |    2409 |  14.8 |      34 |       3 |   8.1
       D:15 |   10762 |    6404 |  37.3 |      32 |      16 |  33.3
     Lair:1 |    3499 |     684 |  16.4 |      15 |       3 |  16.7
     Lair:2 |     889 |       0 |   0.0 |       8 |       0 |   0.0
     Lair:3 |    5885 |    6453 |  52.3 |      21 |      57 |  73.1
     Lair:4 |    4086 |     445 |   9.8 |      17 |       2 |  10.5
     Lair:5 |    4608 |     557 |  10.8 |      20 |       2 |   9.1
     Lair:6 |   13686 |   14356 |  51.2 |      52 |      30 |  36.6
    Swamp:1 |   10259 |    1723 |  14.4 |      28 |       1 |   3.4
    Swamp:2 |    6780 |       0 |   0.0 |      20 |       0 |   0.0
    Swamp:3 |    9497 |       0 |   0.0 |      17 |       0 |   0.0
    Swamp:4 |    3317 |   15303 |  82.2 |      12 |      26 |  68.4
   Spider:1 |    5149 |       0 |   0.0 |      18 |       0 |   0.0
   Spider:2 |   10193 |    2073 |  16.9 |      34 |       6 |  15.0
   Spider:3 |   13084 |    1603 |  10.9 |      36 |       5 |  12.2
   Spider:4 |   13401 |   19866 |  59.7 |      41 |      45 |  52.3
      Orc:1 |    3124 |    1679 |  35.0 |      31 |       4 |  11.4
      Orc:2 |    2937 |    6093 |  67.5 |      38 |      53 |  58.2
   Vaults:1 |   19571 |   37927 |  66.0 |      43 |      61 |  58.7
   Vaults:2 |   34349 |   24343 |  41.5 |      58 |      16 |  21.6
   Vaults:3 |   20335 |   18041 |  47.0 |      33 |      25 |  43.1
   Vaults:4 |   37551 |   22088 |  37.0 |      49 |      23 |  31.9
   Vaults:5 |    3303 |   17987 |  84.5 |       3 |      14 |  82.4
    Abyss:2 |   12160 |       0 |   0.0 |      24 |       0 |   0.0
    Abyss:3 |   10240 |    2258 |  18.1 |      24 |       5 |  17.2
    Abyss:4 |    2075 |    2449 |  54.1 |       3 |       5 |  62.5
      IceCv |       0 |    9312 | 100.0 |       0 |      36 | 100.0
            +---------+---------+-------+---------+---------+-------
